 Dungeon Sprint DCSS version 0.27-a0-1232-gc6a4cbde82 (webtiles) character file.

Game seed: 15652479371781829805

5105 mhtbhm the Eviscerator (level 10, -1/54 HPs)
             Began as a Felid Berserker on June 8, 2021.
             Was the Champion of Trog.
             Killed by divine providence
             ... invoked by a meliai
              (12 damage)
             ... in the Dungeon (Sprint I: "Red Sonja").
             The game lasted 00:07:55 (3258 turns).

mhtbhm the Eviscerator (Felid Berserker)            Turns: 3258, Time: 00:07:55

Health: -1/54      AC:  5    Str: 19    XL:     10   Next: 32%
Magic:  11/11      EV: 30    Int:  9    God:    Trog [******]
Gold:   940        SH:  0    Dex: 16    Spells: 9/9 levels left
                                        Lives:  0   Deaths: 2

rFire    . . .     SeeInvis +     - Unarmed
rCold    + . .     Faith    .   (shield unavailable)
rNeg     . . .     Spirit   .   (armour unavailable)
rPois    .         Reflect  .   (helmet unavailable)
rElec    .         Harm     .   (cloak unavailable)
rCorr    .         Rampage  .   (gloves unavailable)
Will     +....     NoTele   +   (boots unavailable)
Stlth    +++++.....             (no amulet)
HPRegen  0.18/turn              (no ring)
MPRegen  0.12/turn              (no ring)

@: studying Dodging, quick
A: very small, claws 1, fangs 3, see invisible, speed 1, shaggy fur 3, stealthy
paws, no weapons or thrown items, no armour, multi-lived, iridescent scales 1,
screaming 1, strong 1
a: Renounce Religion, Berserk, Trog's Hand, Brothers in Arms


You were in the Dungeon.
You worshipped Trog.
Trog was exalted by your worship.
You visited 1 branch You collected 2558 gold pieces.
You spent 1618 gold pieces at shops.

Inventory:

Wands
 i - a wand of charming (15)
 n - a wand of iceblast (3)
Scrolls
 f - a scroll of blinking
 k - a scroll of summoning
 m - 2 scrolls of silence
 p - a scroll of magic mapping
Potions
 c - 4 potions of haste
 d - 4 potions of magic
 e - a potion of berserk rage
 g - 2 potions of lignification
 h - a potion of invisibility
 j - 2 potions of might
 o - 3 potions of flight
Miscellaneous
 l - a tin of tremorstones (2/2)


   Skills:
 + Level 12.9 Fighting
 + Level 19.2 Dodging
 + Level 12.9 Stealth
 + Level 21.7 Unarmed Combat


You had 9 spell levels left.
You didn't know any spells.
Your spell library was empty.

Dungeon Overview and Level Annotations

Branches:
Dungeon (1/1)

Altars:
Cheibriados
Dithmenos
Elyvilon
Fedhas
Gozag
Hepliaklqana
Kikubaaqudgha
Makhleb
Nemelex Xobeh
Okawaru
Qazlal
Ru
Sif Muna
Trog
Uskayaw
Vehumet
Wu Jian
Xom
Yredelemnul
Zin
The Shining One
Jiyva
Lugonu

Shops:
D :!:[*((?*?(:?([*?[?[*


Innate Abilities, Weirdness & Mutations

You have sharp claws.
You have razor-sharp teeth.
You have supernaturally acute eyesight. (SInv)
You cover ground quickly. (Speed+)
Your thick and shaggy fur keeps you warm. (AC +3, rC+)
Your paws help you pounce on unaware monsters.
You are incapable of wielding weapons or throwing items.
You cannot wear armour.
You gain extra lives every three experience levels.
You are partially covered in iridescent scales. (AC +2)
You occasionally shout uncontrollably at your foes.
Your muscles are strong. (Str +2)


Message History

You see here a +0 mace of venom.
You are no longer berserk.
You are exhausted.
You feel yourself slow down.
You start resting.
You feel yourself speed up.
You start resting.
HP restored.
You start waiting.
You recover from your berserk rage.
You start waiting.
This door is marked as excluded!
Open it anyway? [Y]es or [N]o only, please.
This door is marked as excluded!
Open it anyway?
You open the door.
There is an open door here.
You see here a +0 leather armour.
The meliai buzzes angrily.
There is a large open door here.
You are engulfed in noxious fumes.
You choke on the stench!
You are confused.
The meliai invokes the aid of its god against you.
Something smites you!
You bump into the stone wall.
You are engulfed in noxious fumes.
You choke on the stench!
You are more confused.
An arrow shoots out and hits you!
There is an arrow trap here.
You bump into the stone wall.
The meliai invokes the aid of its god against you.
Something smites you!
You bump into the stone wall.
You feel less confused.
The meliai invokes the aid of its god against you.
Something smites you!
* * * LOW HITPOINT WARNING * * *
Unknown command.
The meliai invokes the aid of its god against you.
Something smites you!
You die...

################################
#__#..'.).#..#§.§.§§.§§.§§÷.#^^+
'^.'..#...##'#§####§§§§.##..'^^#
#__####)..'§§#§#)###§§§#######+#
####§§#####.§§.#'#$###'#)!?##
#§§§§§#..##'####^.$#y#.##$$$#
'≈≈§§§'§§#÷°°..#@.$###..###$#
#≈§§§§#§§#.°.^.○..$$$##.#A#$#
##+#####§###..°#^....#..###$#
#...)###.'.#..○###''##.##..$#
##'###)###.#☼○###..###..#+###
.....'.∩##.#.°####..###...#
##########.##+#..#[.#.###.#
#......§##§# #.........#.#
#........'§####.........#.#


You could see a meliai.

Vanquished Creatures
  3 fire giants (D)
  A lorocyproca (D)
  A hydra (D)
  2 centaur warriors (D)
  Sonja (D)
  A deep troll (D)
  A lindwurm (D)
  A shining eye (D)
  An oklob plant (D)
  A gargoyle (D)
  7 unseen horrors (D)
  2 kobold demonologists (D)
  4 demonic crawlers (D)
  A hornet (D)
  A slime creature (D)
  Sigmund (D)
  2 redbacks (D)
  A yak (D)
  13 hogs (D)
  3 floating eyes (D)
  7 necrophages (D)
  An ogre (D)
  8 jellies (D)
  Ijyb (D)
65 creatures vanquished.

Vanquished Creatures (collateral kills)
  7 shining eyes (D)
  4 floating eyes (D)
11 creatures vanquished.

Vanquished Creatures (others)
  A gargoyle (D)
  2 ballistomycete spores (D)
3 creatures vanquished.

Grand Total: 79 creatures vanquished

Notes
Turn   | Place    | Note
-------+----------+-------------------------------------------
     0 | D        | mhtbhm the Felid Berserker began the quest for the Orb.
     0 | D        | Reached XP level 1. HP: 10/10 MP: 2/2
     1 | D        | Noticed Ijyb
     6 | D        | Killed Ijyb
     7 | D        | Reached skill level 5 in Dodging
     7 | D        | Reached skill level 4 in Unarmed Combat
     7 | D        | Reached XP level 2. HP: 9/15 MP: 3/3
   175 | D        | Noticed an ogre
   181 | D        | Killed an ogre
   182 | D        | Reached skill level 6 in Unarmed Combat
   182 | D        | Reached XP level 3. HP: 20/20 MP: 4/4
   182 | D        | Reached XP level 4. HP: 24/24 MP: 5/5
   229 | D        | Noticed Sigmund
   238 | D        | Killed Sigmund
   238 | D        | Reached ** piety under Trog
   239 | D        | Reached skill level 8 in Unarmed Combat
   239 | D        | Reached XP level 5. HP: 28/28 MP: 6/6
   401 | D        | Found an ornate altar of the Wu Jian Council.
   401 | D        | Found a shimmering blue altar of Sif Muna.
   403 | D        | Found a radiant altar of Vehumet.
   409 | D        | Gained mutation: You are covered in thick fur. (AC +2)
                  | [Felid growth]
   409 | D        | Reached XP level 6. HP: 33/33 MP: 7/7
   453 | D        | Found Siebuar's Antique Armour Emporium.
   453 | D        | Found an ancient bone altar of Kikubaaqudgha.
   453 | D        | Found a hazy altar of Hepliaklqana.
   453 | D        | Found a stormy altar of Qazlal.
   453 | D        | Found a hide-covered altar of Uskayaw.
   453 | D        | Found a blossoming altar of Fedhas.
   453 | D        | Found a bloodstained altar of Trog.
   453 | D        | Found an iron altar of Okawaru.
   453 | D        | Found a basalt altar of Yredelemnul.
   453 | D        | Found a glowing golden altar of the Shining One.
   453 | D        | Found a snail-covered altar of Cheibriados.
   453 | D        | Found a sacrificial altar of Ru.
   453 | D        | Found a glowing silver altar of Zin.
   453 | D        | Found a shadowy altar of Dithmenos.
   453 | D        | Found a white marble altar of Elyvilon.
   453 | D        | Noticed a yak
   458 | D        | Killed a yak
   459 | D        | Reached skill level 10 in Dodging
   459 | D        | Reached skill level 9 in Unarmed Combat
   459 | D        | Found an opulent altar of Gozag.
   460 | D        | Found a sparkling altar of Nemelex Xobeh.
   527 | D        | Noticed Sonja
   534 | D        | Killed Sonja
   534 | D        | Reached *** piety under Trog
   535 | D        | Reached skill level 10 in Fighting
   535 | D        | Reached skill level 1 in Stealth
   535 | D        | Reached skill level 11 in Unarmed Combat
   535 | D        | Reached XP level 7. HP: 39/39 MP: 8/8
   551 | D        | Found Nyuhiarph's Book Boutique.
   663 | D        | Noticed a deep troll
   668 | D        | Killed a deep troll
   669 | D        | Reached skill level 12 in Unarmed Combat
   669 | D        | Reached XP level 8. HP: 44/44 MP: 9/9
   678 | D        | Found Xokhueha's Armour Emporium.
   731 | D        | Found a burning altar of Makhleb.
   731 | D        | Found a viscous altar of Jiyva.
   731 | D        | Found a shimmering altar of Xom.
   731 | D        | Found a corrupted altar of Lugonu.
   731 | D        | Noticed a slime creature
   739 | D        | Killed a slime creature
   786 | D        | Noticed a kobold demonologist
   787 | D        | Noticed a kobold demonologist
   790 | D        | Reached **** piety under Trog
   793 | D        | Killed a kobold demonologist
   794 | D        | Reached skill level 13 in Unarmed Combat
   794 | D        | Reached XP level 9. HP: 48/48 MP: 10/10
   799 | D        | Killed a kobold demonologist
   799 | D        | Reached ***** piety under Trog
   894 | D        | Noticed a centaur warrior
   895 | D        | Noticed a centaur warrior
   900 | D        | Killed a centaur warrior
   901 | D        | Reached skill level 15 in Dodging
   901 | D        | Reached skill level 14 in Unarmed Combat
   903 | D        | Killed a centaur warrior
  1121 | D        | Noticed an oklob plant
  1126 | D        | HP: 2/73 [acid (11)]
  1127 | D        | Killed an oklob plant
  1128 | D        | Reached skill level 15 in Unarmed Combat
  1128 | D        | Reached XP level 10. HP: 2/54 MP: 11/11
  1531 | D        | Reached skill level 5 in Stealth
  1531 | D        | Reached skill level 16 in Unarmed Combat
  1551 | D        | Reached ****** piety under Trog
  1621 | D        | Killed a gargoyle
  1790 | D        | Found Qohuniu's Magic Scroll Shoppe.
  1790 | D        | Found Weben's Antique Weapon Shop.
  1790 | D        | Found Ybekhuty's Assorted Antiques.
  1792 | D        | Found Xosock's Magic Scroll Emporium.
  1792 | D        | Found Simig's Weapon Shop.
  1792 | D        | Found Ulatruet's Book Shoppe.
  1792 | D        | Found Wuradug's Magic Scroll Boutique.
  1792 | D        | Found Ciatet's Weapon Emporium.
  1792 | D        | Found Weuczac's Antique Armour Shop.
  1792 | D        | Found Nocog's Assorted Antiques.
  1795 | D        | Bought a scroll of identify for 20 gold pieces
  1795 | D        | Bought a scroll of identify for 20 gold pieces
  1796 | D        | Found Xuinn's Magic Scroll Boutique.
  1798 | D        | Bought a scroll labelled MAIFO VIORU for 24 gold pieces
  1798 | D        | Bought a scroll labelled DIOZXA RAEKESU for 24 gold pieces
  1798 | D        | Bought a scroll labelled NULOBO OSIYM RUUXT for 24 gold
                  | pieces
  1798 | D        | Bought 3 scrolls of identify for 144 gold pieces
  1798 | D        | Bought a brown potion for 21 gold pieces
  1806 | D        | Bought 3 scrolls of identify for 72 gold pieces
  1809 | D        | Gained mutation: Your muscles are strong. (Str +2) [potion
                  | of mutation]
  1809 | D        | Gained mutation: You occasionally shout uncontrollably at
                  | your foes. [potion of mutation]
  1809 | D        | Gained mutation: You are partially covered in iridescent
                  | scales. (AC +2) [potion of mutation]
  1810 | D        | Found Bule's Magic Scroll Emporium.
  1810 | D        | Found Talies's Antique Armour Boutique.
  1811 | D        | Found Kogaimo's General Store.
  1813 | D        | Bought a scroll of acquirement for 676 gold pieces
  1813 | D        | Acquired a manual of Dodging
  1826 | D        | Bought a scroll of blinking for 97 gold pieces
  1860 | D        | Bought 2 scrolls labelled ROIKIU TIELECW for 42 gold pieces
  1860 | D        | Bought a scroll of identify for 42 gold pieces
  1860 | D        | Bought a scroll labelled ONETSYSUEF for 21 gold pieces
  1860 | D        | Bought a scroll of identify for 42 gold pieces
  1935 | D        | Reached skill level 17 in Unarmed Combat
  2027 | D        | Noticed a lindwurm
  2029 | D        | Killed a lindwurm
  2044 | D        | Reached XP level 11. HP: 57/57 MP: 12/12
  2051 | D        | Reached skill level 18 in Unarmed Combat
  2158 | D        | Noticed a 12-headed hydra
  2160 | D        | Killed a 12-headed hydra
  2233 | D        | Noticed a shining eye
  2233 | D        | Noticed a shining eye
  2233 | D        | Noticed a shining eye
  2233 | D        | Noticed a shining eye
  2233 | D        | Noticed a shining eye
  2233 | D        | Noticed a shining eye
  2234 | D        | Reached skill level 19 in Unarmed Combat
  2235 | D        | Killed a shining eye
  2237 | D        | Killed a shining eye
  2238 | D        | Killed a shining eye
  2238 | D        | Killed a shining eye
  2238 | D        | Killed a shining eye
  2240 | D        | Noticed a shining eye
  2240 | D        | Noticed a shining eye
  2241 | D        | Killed a shining eye
  2242 | D        | Reached skill level 10 in Stealth
  2244 | D        | Paralysed by a floating eye for 4 turns
  2245 | D        | Killed a shining eye
  2248 | D        | Killed a shining eye
  2253 | D        | Found Nuacoevae's General Store.
  2253 | D        | Found Ynewka's Book Emporium.
  2253 | D        | Found Qyikkeyna's Weapon Boutique.
  2254 | D        | Found Piazec's Distillery.
  2267 | D        | Bought a potion of flight for 39 gold pieces
  2278 | D        | Bought 2 potions of haste for 200 gold pieces
  2278 | D        | Bought 2 potions of flight for 60 gold pieces
  2278 | D        | Bought a potion of heal wounds for 50 gold pieces
  2405 | D        | Noticed a daeva
  2415 | D        | Reached skill level 20 in Unarmed Combat
  2470 | D        | Noticed a fire giant
  2471 | D        | Noticed a fire giant
  2471 | D        | Noticed a fire giant
  2471 | D        | Noticed a fire giant
  2477 | D        | Killed a fire giant
  2482 | D        | Killed a fire giant
  2483 | D        | Reached skill level 21 in Unarmed Combat
  2483 | D        | Gained mutation: Your thick and shaggy fur keeps you warm.
                  | (AC +3, rC+) [Felid growth]
  2483 | D        | Reached XP level 12. HP: 40/61 MP: 13/13
  2488 | D        | Killed a fire giant
  2490 | D        | Demolished by a fire giant
  2491 | D        | Reached XP level 11. HP: -19/87 MP: 12/12
  2806 | D        | Noticed a lorocyproca
  2820 | D        | Killed a lorocyproca
  2997 | D        | Mangled by a gargoyle
  2998 | D        | Reached XP level 10. HP: -7/54 MP: 11/11
  3153 | D        | Killed a gargoyle
  3258 | D        | Killed from afar by a meliai

Illustrated notes

Levels and vault maps discovered:
D:        dungeon_sprint_1 [red_sonja_temple_1, red_sonja_temple_small_1]

Skill      XL: |  1  2  3  4  5  6  7  8  9 10 11 12 |
---------------+-------------------------------------+-----
Fighting       | 4 6 7 10 11 12 | 12.9
Dodging        | 5 7 9 12 13 14 15 17 18 19 | 19.2
Unarmed Combat | 4 6 8 11 12 13 15 17 21 | 21.7
Stealth        | 1 2 3 7 12 | 12.9

Action                   |  1- 3 |  4- 6 |  7- 9 | 10-12 || total
-------------------------+-------+-------+-------+-------++-------
Melee: Unarmed           |     8 |    16 |    31 |   128 ||   183
       Bite              |     1 |     2 |     5 |    18 ||    26
       Punch             |       |     1 |     1 |    12 ||    14
Invok: Berserk           |     2 |     4 |     6 |     9 ||    21
       Brothers in Arms  |       |       |       |     3 ||     3
  Use: Scroll            |       |       |     1 |    12 ||    13
       Potion            |       |       |       |     7 ||     7
 Stab: Sleeping          |       |       |       |     7 ||     7
       Distracted        |       |       |       |     1 ||     1
Armor: Skin              |       |       |     4 |     1 ||     5
Dodge: Dodged            |     1 |    21 |    25 |    85 ||   132

Table legend: (Time is in decaauts)
 A = Elapsed time spent in this place.
 B = Non-inter-level travel time spent in this place.
 C = Inter-level travel time spent in this place.
 D = Time resting spent in this place.
 E = Time spent auto-exploring this place.
 F = Levels seen in this place.
 G = Mean time per level.
                   A        B        C        D        E       F      G
               +--------+--------+--------+--------+--------+-----+--------+
         Total |   3237 |   3237 |      0 |   2300 |      0 |   1 | 3237.0 |
       Dungeon |   3237 |   3237 |      0 |   2300 |      0 |   1 | 3237.0 |
               +--------+--------+--------+--------+--------+-----+--------+

Top non-repeatable levels by time:
       D: 3237 daAuts
